 Dungeon Crawl Stone Soup version 0.31-a0-369-g8eba5f6939 (webtiles) character file.

Game seed: 3844560351498549894

1313 LeprechaunX the Changeling (level 8, -4/49 HPs)
             Began as an Octopode Shapeshifter on July 28, 2023.
             Was a Follower of Hepliaklqana.
             Slain by a gnoll sergeant
             ... wielding a +0 trident
              (9 damage)
             ... on level 5 of the Dungeon.
             The game lasted 00:11:13 (3953 turns).

LeprechaunX the Changeling (Octopode Shapeshifter)  Turns: 3953, Time: 00:11:14

Health: -4/49      AC:  1    Str: 16    XL:     8   Next: 58%
Magic:  8/8        EV: 13    Int: 10    God:    Hepliaklqana [*.....]
Gold:   378        SH:  0    Dex: 19    Spells: 7/7 levels left

rFire   . .          .
                       - Unarmed
rCold   + . .        (no shield)
rNeg    . . .        (helmet currently unavailable)
rPois   .            n - amulet of the acrobat
rElec   .            i - +6 ring of dexterity
rCorr   .            r - ring of protection from cold
SInv    .            (no ring)
Will    .....        (no ring)
Stlth   +++          (no ring)
HPRegen 0.28/turn    (no ring)
MPRegen 0.11/turn    (no ring)
                     (no ring)

%: acrobat
@: beast-form
A: beast (slay +5), reduced essence, almost no armour, amphibious, 8 rings,
camouflage 1, gelatinous body 1, (nimble swimmer 1), tentacles
a: Begin Untransformation, Renounce Religion, Recall Ancestor, Ancestor Identity


You were on level 5 of the Dungeon.
You worshipped Hepliaklqana.
Hepliaklqana was aware of your devotion.
You were a hulking beast.
You visited 2 branches of the dungeon, and saw 6 of its levels.

You collected 378 gold pieces.

Inventory:

Hand Weapons
 a - a +1 heavy sling
Missiles
 x - a throwing net
Jewellery
 h - an amulet of faith
 i - a +6 ring of dexterity (left tentacle)
 n - an amulet of the acrobat (around mantle)
 r - a ring of protection from cold (right tentacle)
Talismans
 b - a beast talisman
 l - a blade talisman
Wands
 u - a wand of digging (3)
 w - a wand of flame (30)
Scrolls
 d - a scroll of blinking {unknown}
 e - a scroll of poison {unknown}
 g - 4 scrolls of identify {unknown}
 o - a scroll of enchant weapon {unknown}
 q - a scroll of fog {unknown}
Potions
 c - a potion of haste {unknown}
 f - 5 potions of curing {unknown}
 j - a potion of berserk rage {unknown}
 k - a potion of might {unknown}
 m - a potion of resistance {unknown}
 p - 2 potions of magic {unknown}
 s - a potion of attraction {unknown}
 t - a potion of lignification
 v - a potion of enlightenment {unknown}


   Skills:
 - Level 5.0 Fighting
 - Level 2.0 Dodging
 - Level 5.0 Unarmed Combat
 * Level 7.3 Shapeshifting


You had 7 spell levels left.
You didn't know any spells.
Your spell library contained the following spells:

 Spells                   Type           Power      Damage    Failure   Level
 Sandblast                Erth           0%         2d4       36%         1
 Passwall                 Tmut/Erth      0%         N/A       50%         2
 Sublimation of Blood     Necr           0%         N/A       50%         2
 Stone Arrow              Conj/Erth      0%         3d7       75%         3
 Petrify                  Tmut/Erth      0%         N/A       98%         4
 Irradiate                Conj/Tmut      0%         3d11      100%        5


Dungeon Overview and Level Annotations

Branches:
Dungeon (5/15)             Temple (1/1) D:4

Altars:
Ashenzari
Cheibriados
Dithmenos
Elyvilon
Fedhas
Gozag
Hepliaklqana
Kikubaaqudgha
Makhleb
Nemelex Xobeh
Okawaru
Qazlal
Sif Muna
Trog
Uskayaw
Wu Jian
Yredelemnul
Zin

Shops:
D:1 ?

Annotations:
Temple 2 transporters


Innate Abilities, Weirdness & Mutations

You are a hulking beast.
Your limbs bulge with bestial killing power. (Slay +5)
Your life essence is reduced to manifest your ancestor. (-10% HP)
You cannot wear most types of armour.
You are amphibious.
You can wear up to eight rings at the same time.
Your skin changes colour to match your surroundings (Stealth+).
Your rubbery body absorbs attacks. (AC +1, EV +1)
((You are camouflaged when in or above water. (Stealth+)))
You have tentacles for arms and can constrict up to eight enemies at once.


Message History

You swap places.
The gnoll sergeant hits you with a +0 trident!
You see here a vampire mosquito corpse.
You barely miss the gnoll sergeant. You grab the gnoll sergeant.
You constrict the gnoll sergeant, but do no damage.
The gnoll sergeant barely misses you.
You tentacle-slap the gnoll sergeant but do no damage.
You constrict the gnoll sergeant.
The gnoll sergeant hits you with a +0 trident!
You swap places.
You release your grip on the gnoll sergeant.
Something hits Tiberia!
Something hits Tiberia!
You start resting.
Ancestor HP restored.
Unknown command.
You start resting.
Tiberia closely misses the gnoll sergeant.
The gnoll sergeant completely misses you.
Tiberia hits the gnoll sergeant but does no damage.
You barely miss the gnoll sergeant. Your grab misses the gnoll sergeant.
The gnoll sergeant hits you with a +0 trident!
Tiberia closely misses the gnoll sergeant.
You closely miss the gnoll sergeant. You grab the gnoll sergeant.
You squeeze the gnoll sergeant!
The gnoll sergeant is heavily wounded.
You constrict the gnoll sergeant, but do no damage.
The gnoll sergeant hits you with a +0 trident!
* * * LOW HITPOINT WARNING * * *
You bludgeon the gnoll sergeant!
You squeeze the gnoll sergeant, but do no damage.
The gnoll sergeant is severely wounded.
You constrict the gnoll sergeant.
Tiberia hits the gnoll sergeant but does no damage.
The gnoll sergeant hits you with a +0 trident!
* * * LOW HITPOINT WARNING * * *
You release your grip on the gnoll sergeant.
The gnoll sergeant attacks as you move away!
The gnoll sergeant hits you with a +0 trident!
You die...

#.# #..#.y##..##(# #.#
##.###..##."..#
####.####..##.#g##..###
............#)†##...#
####.#####.###..##..#
.....# #.##.#.##..#
####### #..##.##...#
......# #...#.#R...#
#####.####.#..#gh..## #
#......##.#.#### #
######....#.## #
#.#..#..# # #.#.###.# #
#.......# #########


You could see the friendly Tiberia the ancestor and a gnoll sergeant (ally
target).

Vanquished Creatures
  Grinder (D:5)
  Sigmund (D:5)
  A wraith (D:5)
  A vampire mosquito (D:5)
  An ice beast (D:5)
  An ogre (D:5)
  A centaur (D:4)
  2 scorpions
  4 hounds (D:5)
  An iguana (D:4)
  3 gnolls (D:5)
  4 adders
  2 white imps (D:5)
  2 dart slugs (D:1)
  3 worms
  4 orcs (D:3)
  4 ball pythons
  7 bats
  6 endoplasms
  2 giant cockroaches
  6 hobgoblins
  8 jackals
  3 quokkas
  8 frilled lizards
  8 goblins
  3 kobolds
  7 rats
94 creatures vanquished.

Notes
Turn   | Place    | Note
-------+----------+-------------------------------------------
     0 | D:1      | LeprechaunX the Octopode Shapeshifter began the quest for
                  | the Orb.
     0 | D:1      | Reached XP level 1. HP: 13/13 MP: 1/1
    44 | D:1      | Found Vugaqeso's Magic Scroll Shop.
   143 | D:1      | Reached XP level 2. HP: 15/18 MP: 2/2
   648 | D:1      | Reached XP level 3. HP: 17/23 MP: 3/3
   935 | D:2      | Found an iron altar of Okawaru.
  1115 | D:2      | Reached XP level 4. HP: 29/29 MP: 4/4
  1148 | D:2      | Identified the +6 falchion "Causyluf" {protect, rF+ Int+3
                  | Dex-4}
  2073 | D:4      | Reached XP level 5. HP: 35/35 MP: 5/5
  2089 | D:4      | Found an ornate altar of the Wu Jian Council.
  2201 | D:4      | Found a staircase to the Ecumenical Temple.
  2211 | Temple   | Found a transporter.
  2211 | Temple   | Found a transporter.
  2211 | Temple   | Found a transporter.
  2211 | Temple   | Found a transporter.
  2211 | Temple   | Entered the Ecumenical Temple
  2231 | Temple   | Became a worshipper of Hepliaklqana the Forgotten
  2256 | D:4      | Noticed a centaur
  2271 | D:4      | Killed a centaur
  2272 | D:4      | Reached skill level 4 in Shapeshifting
  2355 | D:4      | Reached XP level 6. HP: 29/42 MP: 6/6
  2957 | D:5      | Entered Level 5 of the Dungeon
  3065 | D:5      | Noticed an ice beast
  3079 | D:5      | Killed an ice beast
  3082 | D:5      | Reached XP level 7. HP: 27/46 MP: 7/7
  3182 | D:5      | Noticed a wraith
  3213 | D:5      | Killed a wraith
  3214 | D:5      | Reached skill level 5 in Unarmed Combat
  3214 | D:5      | Reached skill level 5 in Shapeshifting
  3415 | D:5      | Reached * piety under Hepliaklqana
  3542 | D:5      | Noticed Grinder
  3546 | D:5      | Killed Grinder
  3547 | D:5      | Reached skill level 6 in Shapeshifting
  3547 | D:5      | Reached XP level 8. HP: 48/48 MP: 8/8
  3708 | D:5      | Noticed Sigmund
  3715 | D:5      | Killed Sigmund
  3716 | D:5      | Reached skill level 5 in Fighting
  3836 | D:5      | Reached skill level 7 in Shapeshifting
  3953 | D:5      | Slain by a gnoll sergeant

Illustrated notes

Levels and vault maps discovered:
D:1:      shiori_arrival_elements, layout_basic, serial_shops, shop
D:2:      layout_basic, basic_altar
D:3:      layout_loops_ring, serial_bayou_pond_e, grunt_decor_mini_mirrors
D:4:      layout_loops_ring, mainiacjoe_overflow_brackets,
          minmay_temple_entry_junction_2, minmay_misc_feat_room
D:5:      layout_loops_ring, minmay_manual_macuahuitl, uniq_sigmund,
          uniq_grinder
Temple:   hellmonk_temple_divided_pantheon

Skill      XL: |  1  2  3  4  5  6  7  8 |
---------------+-------------------------+-----
Fighting       | 2 3 4 5 |  5.0
Unarmed Combat | 4 5 |  5.0
Shapeshifting  | 4 6 7 |  7.3
Dodging        | |  2.0

Action                     |  1- 3 |  4- 6 |  7- 9 || total
---------------------------+-------+-------+-------++-------
  Melee: Unarmed           |    64 |    84 |    54 ||   202
         Tentacles         |    15 |    22 |    11 ||    48
         Constrict         |    13 |    23 |    11 ||    47
         Punch             |     2 |     3 |     1 ||     6
   Fire: Sling             |       |     1 |     2 ||     3
    Use: Potion            |       |       |     1 ||     1
   Stab: Sleeping          |     4 |     7 |     1 ||    12
 Armour: Skin              |     7 |     4 |    12 ||    23
  Dodge: Dodged            |    34 |    58 |    28 ||   120

Table legend: (Time is in decaauts)
 A = Elapsed time spent in this place.
 B = Non-inter-level travel time spent in this place.
 C = Inter-level travel time spent in this place.
 D = Time resting spent in this place.
 E = Time spent auto-exploring this place.
 F = Levels seen in this place.
 G = Mean time per level.
                   A        B        C        D        E       F      G
               +--------+--------+--------+--------+--------+-----+--------+
         Total |   3947 |   3807 |    140 |     99 |   3075 |   6 |  657.8 |
       Dungeon |   3910 |   3802 |    108 |     99 |   3075 |   5 |  782.0 |
        Temple |     36 |      4 |     32 |      0 |      0 |   1 |   36.0 |
               +--------+--------+--------+--------+--------+-----+--------+

Top non-repeatable levels by time:
     D:5: 1002 daAuts
     D:4: 852 daAuts
     D:1: 799 daAuts
     D:3: 688 daAuts
     D:2: 567 daAuts
  Temple: 36 daAuts
